 Dungeon Crawl Stone Soup version 0.29-a0-919-gd064cfad1c (webtiles) character file.

Game seed: 5905708385817682268

494 xian the Covert (level 7, -8/45 HPs)
             Began as an Octopode Brigand on July 27, 2022.
             Was an Initiate of Dithmenos.
             Mangled by a killer bee (9 damage)
             ... in the Ecumenical Temple.
             The game lasted 00:09:04 (3510 turns).

xian the Covert (Octopode Brigand)                  Turns: 3510, Time: 00:09:05

Health: -8/45      AC:  1    Str: 10    XL:     7   Next: 15%
Magic:  7/7        EV: 13    Int: 19    God:    Dithmenos [......]
Gold:   217        SH:  0    Dex: 16    Spells: 6/6 levels left

rFire   + . .      SeeInvis .   i - +2 dagger (protect)
rCold   x . .      Faith    .   (no shield)
rNeg    . . .      Spirit   .   (helmet restricted)
rPois   .          Reflect  .   v - amulet of the acrobat
rElec   .          Harm     .   k - +6 ring of intelligence
rCorr   .          Rampage  .   m - ring of fire
Will    .....                   (no ring)
Stlth   ++++++....              (no ring)
HPRegen 0.15/turn               (no ring)
MPRegen 0.10/turn               (no ring)
                                (no ring)
                                (no ring)

@: lethally poisoned (-8 -> -19)
A: almost no armour, amphibious, 8 rings, camouflage 1, gelatinous body 1,
nimble swimmer 1, tentacles
a: Renounce Religion


You were in the Ecumenical Temple.
You worshipped Dithmenos.
Dithmenos was noncommittal.
You visited 2 branches of the dungeon, and saw 6 of its levels.

You collected 217 gold pieces.

Inventory:

Hand Weapons
 i - a +2 dagger of protection (weapon)
Missiles
 b - 13 poisoned darts (quivered)
 c - 3 curare-tipped darts
Jewellery
 k - a +6 ring of intelligence (left tentacle)
 m - a ring of fire (right tentacle)
 p - a ring of fire
 v - an amulet of the acrobat (around mantle)
Scrolls
 a - a scroll of enchant weapon {unknown}
 e - a scroll of magic mapping {unknown}
 f - a scroll of teleportation {unknown}
 g - a scroll of vulnerability {unknown}
 h - a scroll of enchant armour
 n - a scroll of amnesia {unknown}
 o - a scroll of summoning {unknown}
 r - a scroll of identify {unknown}
 u - 2 scrolls of poison
Potions
 d - a potion of ambrosia {unknown}
 j - a potion of might {unknown}
 l - 4 potions of curing
 q - a potion of magic {unknown}
 s - a potion of invisibility {unknown}
 t - a potion of resistance {unknown}


   Skills:
 + Level 2.9 Fighting
 + Level 3.7 Short Blades
 + Level 2.0 Throwing
 + Level 1.9 Dodging
 + Level 9.9 Stealth


You had 6 spell levels left.
You didn't know any spells.
Your spell library contained the following spells:

 Spells                   Type           Power      Damage    Failure   Level
 Sting                    Tmut/Pois      0%         1d3       21%         1
 Poisonous Vapours        Pois/Air       0%         N/A       30%         2
 Olgreb's Toxic Radiance  Pois           0%         N/A       90%         4


Dungeon Overview and Level Annotations

Branches:
Dungeon (7/15)             Temple (1/1) D:7

Altars:
Ashenzari
Cheibriados
Dithmenos
Elyvilon
Hepliaklqana
Kikubaaqudgha
Makhleb
Okawaru
Qazlal
Ru
Trog
Uskayaw
Vehumet
Wu Jian
Xom
Yredelemnul
Zin
The Shining One


Innate Abilities, Weirdness & Mutations

You cannot wear most types of armour.
You are amphibious.
You can wear up to eight rings at the same time.
Your skin changes colour to match your surroundings (Stealth+).
Your rubbery body absorbs attacks. (AC +1, EV +1)
You are camouflaged when in or above water. (Stealth+)
You have tentacles for arms and can constrict up to eight enemies at once.


Message History

The killer bee barely misses you. The killer bee closely misses you.
The killer bee barely misses you. The killer bee closely misses you.
Unknown command.
It was a potion of curing.
You feel better. The killer bee misses you. The killer bee closely misses you.
The killer bee barely misses you. The killer bee stings you.
* * * LOW HITPOINT WARNING * * *
Hit: i) +2 dagger (protect)
Press: ? - help, Dir - move target, f - killer bee
Aim: a killer bee (water, about 55% to evade your +2 dagger of protection)
Okay, then.
You aren't carrying any items that you can evoke.
Okay, then.
Unknown command.
Okay, then.
You miss the killer bee. Your grab misses the killer bee.
Your squeeze misses the killer bee. The killer bee stings you.
* * * LOW HITPOINT WARNING * * *
You are poisoned.
The killer bee poisons you! The killer bee barely misses you. x2
The killer bee misses you.
You feel better. The killer bee closely misses you.
The killer bee completely misses you. The killer bee barely misses you.
The killer bee closely misses you.
Unknown command.
You miss the killer bee. Your grab misses the killer bee.
You tentacle-slap the killer bee, but do no damage.
The killer bee stings you.
* * * LOW HITPOINT WARNING * * *
The killer bee closely misses you.
You miss the killer bee. Your grab misses the killer bee.
Your squeeze misses the killer bee.
The killer bee stings you but does no damage.
The killer bee stings you!
* * * LOW HITPOINT WARNING * * *
You are lethally poisoned!
The killer bee poisons you! The killer bee stings you.
* * * LOW HITPOINT WARNING * * *
The killer bee stings you!
You die...

#..._............._...#
#.....................#
#..._......<......_...#
#.....................#
#..._.......o....._...#
##.......≈≈≈≈≈≈≈.......##
#..._...≈≈≈≈≈≈≈≈≈..._...#
#.......≈≈≈≈yy≈≈≈.......#
#..._...≈≈≈≈≈@≈≈≈..._...##
#.......≈≈≈≈≈≈≈≈≈≈≈.......#
#..._...≈≈≈≈≈≈≈≈≈≈≈..._...##
#.......≈≈≈≈≈≈≈≈≈≈≈≈≈.......##
.......≈≈≈≈≈≈≈≈≈≈≈≈≈≈≈.......##
..⌠...≈≈≈≈≈≈≈≈≈≈≈≈≈≈≈≈≈...⌠...#
###############################


You could see 2 killer bees and an orc.

Vanquished Creatures
  A water moccasin (D:7)
  A centaur (D:7)
  A killer bee (Temple)
  2 howler monkeys (D:7)
  Crazy Yiuf (D:3)
  Terence (D:2)
  3 adders
  4 worms
  4 dart slugs
  5 orcs
  8 ball pythons
  6 endoplasms
  5 giant cockroaches
  8 goblins
  9 hobgoblins
  2 jackals (D:1)
  4 quokkas
  5 bats
  3 frilled lizards
  7 kobolds
  4 rats
  A spectral goblin (D:3)
85 creatures vanquished.

Notes
Turn   | Place    | Note
-------+----------+-------------------------------------------
     0 | D:1      | xian the Octopode Brigand began the quest for the Orb.
     0 | D:1      | Reached XP level 1. HP: 14/14 MP: 1/1
    98 | D:1      | Reached XP level 2. HP: 18/19 MP: 2/2
   121 | D:1      | Reached skill level 6 in Stealth
   643 | D:1      | Reached XP level 3. HP: 24/24 MP: 3/3
  1331 | D:2      | Reached XP level 4. HP: 29/29 MP: 4/4
  1409 | D:2      | Reached skill level 7 in Stealth
  1536 | D:2      | Noticed Terence
  1556 | D:2      | Killed Terence
  2095 | D:3      | Reached XP level 5. HP: 35/35 MP: 5/5
  2144 | D:3      | Found a runed translucent door.
  2145 | D:3      | Noticed Crazy Yiuf
  2152 | D:3      | Killed Crazy Yiuf
  2428 | D:3      | Found a faded altar of an unknown god.
  2581 | D:3      | Reached skill level 8 in Stealth
  3232 | D:4      | You fall into a shaft and drop 3 floors!
  3235 | D:7      | Noticed a centaur
  3239 | D:7      | Reached XP level 6. HP: 41/41 MP: 6/6
  3243 | D:7      | Reached skill level 9 in Stealth
  3316 | D:7      | Noticed a water moccasin
  3325 | D:7      | Killed a water moccasin
  3326 | D:7      | Reached XP level 7. HP: 38/45 MP: 7/7
  3386 | D:7      | Found a staircase to the Ecumenical Temple.
  3394 | Temple   | Entered the Ecumenical Temple
  3481 | Temple   | Became a worshipper of Dithmenos the Shadowed
  3510 | Temple   | HP: 1/45 [killer bee (4)]
  3510 | Temple   | Mangled by a killer bee

Illustrated notes

Levels and vault maps discovered:
D:1:      minmay_arrival_five_plusses, layout_basic,
          nicolae_concentric_dashed_squares_wild
D:2:      layout_basic, reono_crystal_passage, corexii_item_surrounded_by_moat,
          chequers_avenue, grunt_decor_cap, uniq_terence
D:3:      layout_loops_ring, dreamdust_ecumenical_altar_drowned_temple,
          uniq_crazy_yiuf_cottage
D:4:      layout_basic, interstate_on_off, chequers_serial_rivers_room_a
D:7:      layout_basic, minmay_temple_entry_wispy, serial_shops, shop
Temple:   nicolae_temple_two_arcs

Skill      XL: |  1  2  3  4  5  6 |
---------------+-------------------+-----
Stealth        | 6 7 8 9 |  9.9
Short Blades   | 3 |  3.7
Fighting       | |  2.9
Throwing       | |  2.0
Dodging        | |  1.9

Action                   |  1- 3 |  4- 6 |  7- 9 || total
-------------------------+-------+-------+-------++-------
Melee: Dagger            |    62 |    82 |     9 ||   153
       Constrict         |    12 |    11 |     2 ||    25
       Punch             |     3 |       |     1 ||     4
       Tentacles         |     6 |    13 |     1 ||    20
  Use: Scroll            |     1 |     3 |       ||     4
       Potion            |       |       |     2 ||     2
 Stab: Sleeping          |    17 |    21 |       ||    38
       Distracted        |       |     2 |       ||     2
Armor: Skin              |     5 |    10 |     7 ||    22
Dodge: Dodged            |    40 |    23 |    54 ||   117

Table legend: (Time is in decaauts)
 A = Elapsed time spent in this place.
 B = Non-inter-level travel time spent in this place.
 C = Inter-level travel time spent in this place.
 D = Time resting spent in this place.
 E = Time spent auto-exploring this place.
 F = Levels seen in this place.
 G = Mean time per level.
                   A        B        C        D        E       F      G
               +--------+--------+--------+--------+--------+-----+--------+
         Total |   3488 |   3459 |     29 |    343 |   2264 |   6 |  581.3 |
       Dungeon |   3377 |   3356 |     21 |    343 |   2208 |   5 |  675.4 |
        Temple |    110 |    102 |      8 |      0 |     56 |   1 |  110.0 |
               +--------+--------+--------+--------+--------+-----+--------+

Top non-repeatable levels by time:
     D:2: 1026 daAuts
     D:1: 971 daAuts
     D:3: 850 daAuts
     D:4: 363 daAuts
     D:7: 164 daAuts
  Temple: 110 daAuts
